AoeStats
← cobradorxbox

Arena

508382422Analyzed
3v3 RM · 9d ago on Sep 22, 2026· 32m 49s· 6 players
Game mode
Random Map
Map size
Normal (6 player)
Population
200
Speed
Normal
Resources
Standard
Victory
Conquest
Starting age
Dark Age
Ending age
Imperial Age
RankedLock teamsTeams togetherTeam positionsShared explorationLock speedFull tech treeHidden civsTurbo modeCheats
Victory
Defeat
🇺🇸 Mongols · United States
1186
+13
🇳🇱 Ethiopians · Netherlands
1168
+14
🇪🇸 Goths · Spain
1041
+19
🇦🇺 Berbers · Australia
1154
-17
🇳🇿 Romans · New Zealand
1108
-15
🇺🇸 Aztecs · United States
1088
-14
Ahhh Harambe
2:53 Loom
3:25 Loom
11:31 Feudal Age
17:07 Castle Age
15:44 Scale Mail Armor
15:54 Forging
16:06 Horse Collar
16:13 Double-Bit Axe
18:47 Forging
19:38 Sanctity
19:08 Pikeman
20:27 Fervor
21:44 Redemption
ttambow
10:24 Feudal Age
12:10 Double-Bit Axe
15:14 Castle Age
14:57 Horse Collar
16:50 Bow Saw
16:22 Horse Collar
16:43 Loom
17:34 Wheelbarrow
20:47 Hand Cart
25:34 Hand Cart
28:28 Imperial Age
26:41 Heavy Plow
28:28 Fervor
28:29 Scale Mail Armor
28:39 Forging
drain man
11:56 Feudal Age
15:35 Castle Age
13:34 Double-Bit Axe
17:58 Bow Saw
18:07 Forging
20:56 Wheelbarrow
20:59 Horse Collar
23:21 Light Cavalry
24:11 Loom
25:08 Scale Barding Armor
25:39 Iron Casting
25:29 Heavy Plow
26:56 Stone Mining
27:06 Gold Mining
27:51 Town Watch
30:55 Imperial Age
29:44 Hand Cart
30:33 Stone Shaft Mining
30:34 Gold Shaft Mining
30:26 Bloodlines
31:38 Chain Barding Armor
32:53 Chemistry
31:19 Hussar
32:24 Town Patrol
33:03 Plate Barding Armor
33:16 Crop Rotation
Octosaurus
11:24 Feudal Age
15:03 Castle Age
13:36 Double-Bit Axe
14:33 Gold Mining
17:01 Bow Saw
18:10 Horse Collar
20:06 Fletching
20:31 Loom
21:47 Padded Archer Armor
23:03 Wheelbarrow
24:38 Leather Archer Armor
26:00 Bodkin Arrow
30:11 Ballistics
Giraffetietje
10:50 Feudal Age
11:23 Double-Bit Axe
11:18 Horse Collar
16:25 Castle Age
17:19 Wheelbarrow
17:26 Gold Mining
18:16 Bow Saw
18:11 Scale Mail Armor
18:22 Forging
19:26 Gold Shaft Mining
19:24 Heavy Plow
19:57 Loom
23:47 Iron Casting
23:28 Chain Mail Armor
26:09 Squires
35:06 Imperial Age
cobradorxbox
0:49 Loom
11:37 Feudal Age
16:26 Castle Age
14:49 Horse Collar
15:15 Double-Bit Axe
19:25 Heavy Plow
21:05 Bow Saw
21:55 Wheelbarrow
25:25 Man-at-Arms
27:35 Gold Mining
27:38 Stone Mining
34:42 Imperial Age
Connection lost

Rejoining the realm…

Still unreachable

The connection could not be restored.

Session expired

The server has moved on; the page needs a fresh start.